 Dungeon Crawl Stone Soup version 0.30-a0-777-ga9a30cbeda (webtiles) character file.

Game seed: 12453777913153867169

164 mopl the Magician (level 5, -1/31 HPs)
             Began as an Octopode Hedge Wizard on Feb 13, 2023.
             Was a Follower of Vehumet.
             Succumbed to an orc's poison
             ... on level 3 of the Dungeon.
             The game lasted 00:03:22 (2373 turns).

mopl the Magician (Octopode Hedge Wizard)           Turns: 2373, Time: 00:03:23

Health: -1/31      AC:  1    Str: 10    XL:     5   Next: 45%
Magic:  9/10       EV: 13    Int: 24    God:    Vehumet [*.....]
Gold:   58         SH:  0    Dex: 11    Spells: 5/11 levels left

rFire   . . .      SeeInvis .    n - +1 short sword (drain)
rCold   . . .      Faith    .    (no shield)
rNeg    . . .      Spirit   .    b - +0 hat
rPois   .          Reflect  .    (no amulet)
rElec   .          Harm     .    k - +6 ring of intelligence
rCorr   .          Rampage  .    (no ring)
Will    .....                    (no ring)
Stlth   +++                      (no ring)
HPRegen 0.25/turn                (no ring)
MPRegen 0.12/turn                (no ring)
                                 (no ring)
                                 (no ring)

@: mighty, lethally poisoned (-1 -> -14)
A: almost no armour, amphibious, 8 rings, camouflage 1, gelatinous body 1,
(nimble swimmer 1), tentacles
a: Renounce Religion


You were on level 3 of the Dungeon.
You worshipped Vehumet.
Vehumet was aware of your devotion.
You visited 1 branch of the dungeon, and saw 3 of its levels.

You collected 155 gold pieces.
You spent 97 gold pieces at shops.

Inventory:

Hand Weapons
 a - a +0 dagger
 n - a +1 short sword of draining (weapon)
 y - a +0 war axe of electrocution
Missiles
 w - 2 throwing nets
 x - 3 poisoned darts
 z - 3 boomerangs
Armour
 b - a +0 hat (worn)
Jewellery
 k - a +6 ring of intelligence (left tentacle)
Wands
 v - a wand of iceblast (7)
Scrolls
 d - 2 scrolls of acquirement {unknown}
 e - a scroll of fog {unknown}
 f - a scroll of brand weapon {unknown}
 h - a scroll of magic mapping {unknown}
 l - a scroll of noise {unknown}
 o - 2 scrolls of teleportation {unknown}
 p - a scroll of enchant weapon {unknown}
 r - a scroll of identify {unknown}
 u - 2 scrolls of poison {unknown}
Potions
 c - a potion of magic
 g - 2 potions of curing {unknown}
 i - a potion of brilliance {unknown}
 j - a potion of degeneration {unknown}
 m - a potion of berserk rage {unknown}
 q - 4 potions of might
 s - a potion of heal wounds {unknown}
 t - a potion of flight {unknown}


   Skills:
 - Level 2.0 Dodging
 - Level 2.6 Stealth
 + Level 3.8 Spellcasting
 + Level 2.7 Conjurations
 - Level 1.0 Summonings
 + Level 2.7 Translocations
 + Level 2.2 Poison Magic


You had 5 spell levels left.
You knew the following spells:

 Your Spells              Type           Power      Damage    Failure   Level
a - Magic Dart            Conj           68%        1d6       3%          1
d - Mephitic Cloud        Conj/Pois/Air  12%        N/A       16%         3
e - Blink                 Tloc           34%        N/A       4%          2

Your spell library contained the following spells:

 Spells                   Type           Power      Damage    Failure   Level
 Freeze                   Ice            16%        1d4       10%         1
 Slow                     Hex            16%        N/A       10%         1
 Call Imp                 Summ           9%         N/A       10%         2
 Cigotuvi's Dreadful Rot  Necr/Pois/Air  16%        N/A       11%         2


Dungeon Overview and Level Annotations

Branches:
Dungeon (3/15)

Altars:
Vehumet

Shops:
D:2 *

Annotations:
D:3 Ijyb


Innate Abilities, Weirdness & Mutations

You cannot wear most types of armour.
You are amphibious.
You can wear up to eight rings at the same time.
Your skin changes colour to match your surroundings (Stealth+).
Your rubbery body absorbs attacks. (AC +1, EV +1)
((You are camouflaged when in or above water. (Stealth+)))
You have tentacles for arms and can constrict up to eight enemies at once.


Message History

The bat hits you. The orc hits you with a +0 flail!
You barely miss the orc. You grab the orc.
The orc is heavily wounded.
You constrict the orc, but do no damage.
The orc barely misses you. The orc closely misses you.
You hit the orc. You drain the orc.
You kill the orc!
Vehumet accepts your kill. The bat closely misses you.
The orc hits you with a +1 dagger of venom.
You hit the orc. Your grab misses the orc.
The orc is lightly wounded.
The bat closely misses you.
The orc hits you with a +1 dagger of venom.
You are poisoned.
You are too injured to fight recklessly!
You are too injured to fight recklessly!
You barely miss the orc. Your grab misses the orc. You squeeze the orc.
The orc is severely wounded.
You feel very sick. The bat hits you but does no damage.
The orc hits you with a +1 dagger of venom.
* * * LOW HITPOINT WARNING * * *
You are more poisoned.
Casting: Magic Dart (safe; 3% risk of failure)
Confirm with . or Enter, or press ? or * to list all spells.
Aiming: Magic Dart (safe; 3% risk of failure)
Press: ? - help, Shift-Dir - straight line, f - orc
Aim: an orc, wielding a +1 dagger of venom and wearing a +0 ring mail (severely wounded, 100% to hit)
The magic dart hits the orc but does no damage.
The orc is severely wounded.
* * * LOW HITPOINT WARNING * * *
You feel very sick. The bat completely misses you.
The orc hits you with a +1 dagger of venom.
* * * LOW HITPOINT WARNING * * *
Unknown command.
It was a potion of might.
You feel very mighty all of a sudden.
You die...

###.####)#######.....#
########## .......#.#
##...## # ###.##.#.#
##### # ###.##.#.######
# ....##.........# #
....##.#######.# #
###.##.# # # #.##.#
##.######### # #.##.#
#..)@......##########
##.##.#
#....bo.................
##...#.#
#.##..####.#######.#####
...#...# #.. #.# #.# ##
##...### #. #.# #.####.
##....... #. #.# #......
...###### # #.# ###.##.
.###....### #.# #.###
##........##...# #.# #


You could see an orc and a bat.

Vanquished Creatures
  An orc priest (D:3)
  Terence (D:2)
  3 adders
  3 dart slugs (D:3)
  11 orcs
  6 bats
  5 endoplasms
  5 giant cockroaches
  3 goblins
  4 hobgoblins
  11 kobolds
  5 ball pythons
  2 frilled lizards
  6 rats
66 creatures vanquished.

Notes
Turn   | Place    | Note
-------+----------+-------------------------------------------
     0 | D:1      | mopl the Octopode Hedge Wizard began the quest for the Orb.
     0 | D:1      | Reached XP level 1. HP: 11/11 MP: 4/4
   116 | D:1      | Reached XP level 2. HP: 14/17 MP: 6/6
   151 | D:1      | Learned a level 2 spell: Blink
   825 | D:2      | Reached XP level 3. HP: 20/21 MP: 7/7
  1036 | D:2      | Learned a level 3 spell: Mephitic Cloud
  1054 | D:2      | Reached skill level 2 in Conjurations
  1069 | D:2      | Reached skill level 2 in Translocations
  1250 | D:2      | Noticed Terence
  1258 | D:2      | Killed Terence
  1259 | D:2      | Reached skill level 1 in Poison Magic
  1259 | D:2      | Reached XP level 4. HP: 15/27 MP: 7/9
  1305 | D:2      | Found Xug Ygh's Assorted Antiques.
  1313 | D:2      | Bought a scroll labelled KATAAL HAVAKK for 25 gold pieces
  1313 | D:2      | Bought a yellow potion for 22 gold pieces
  1313 | D:2      | Bought a scroll labelled DYOSI VAUDD for 25 gold pieces
  1481 | D:2      | Found a radiant altar of Vehumet.
  1583 | D:2      | Became a worshipper of Vehumet
  1662 | D:2      | Bought a scroll labelled NACEJI GYDGH for 25 gold pieces
  1719 | D:3      | Noticed Ijyb
  2013 | D:2      | Reached XP level 5. HP: 13/31 MP: 10/10
  2091 | D:3      | Reached skill level 2 in Poison Magic
  2175 | D:3      | Reached * piety under Vehumet
  2175 | D:3      | Offered knowledge of Freeze by Vehumet.
  2373 | D:3      | Succumbed to an orc's poison

Illustrated notes

Levels and vault maps discovered:
D:1:      elethiomel_arrival_quiet, layout_loops_corners, minmay_pentomino_t4
D:2:      layout_basic, basic_altar, serial_shops, shop, palyth_stone_intersect,
          minmay_box_of_dots, uniq_terence
D:3:      layout_loops_ring, minmay_randomly_rotated_circles, uniq_ijyb

Skill      XL: |  1  2  3  4  5 |
---------------+----------------+-----
Conjurations   | 2 |  2.7
Translocations | 2 |  2.7
Poison Magic   | 1 2 |  2.2
Dodging        | |  2.0
Stealth        | |  2.6
Spellcasting   | |  3.8
Summonings     | |  1.0

Action                     |  1- 3 |  4- 6 || total
---------------------------+-------+-------++-------
  Melee: Dagger            |    36 |       ||    36
         Tentacles         |    11 |     9 ||    20
         Constrict         |     9 |    17 ||    26
         Short sword       |    16 |    52 ||    68
         Punch             |       |     1 ||     1
   Cast: Magic Dart        |     3 |    23 ||    26
    Use: Potion            |       |     1 ||     1
   Stab: Sleeping          |    16 |     3 ||    19
 Armour: Skin              |       |     4 ||     4
  Dodge: Dodged            |    25 |    45 ||    70

Table legend: (Time is in decaauts)
 A = Elapsed time spent in this place.
 B = Non-inter-level travel time spent in this place.
 C = Inter-level travel time spent in this place.
 D = Time resting spent in this place.
 E = Time spent auto-exploring this place.
 F = Levels seen in this place.
 G = Mean time per level.
                   A        B        C        D        E       F      G
               +--------+--------+--------+--------+--------+-----+--------+
         Total |   2377 |   2259 |    118 |    309 |   1516 |   3 |  792.3 |
       Dungeon |   2377 |   2259 |    118 |    309 |   1516 |   3 |  792.3 |
               +--------+--------+--------+--------+--------+-----+--------+

Top non-repeatable levels by time:
     D:2: 1112 daAuts
     D:1: 797 daAuts
     D:3: 467 daAuts
